 Dungeon Crawl Stone Soup version 0.29.1-1-gd02db6906a (webtiles) character file.

Game seed: 10578890509776825812

10759 karrick the Basher (level 11, -26/72 HPs)
             Began as a Gargoyle Fighter on Sept 27, 2022.
             Was a High Priest of Okawaru.
             Hit by a large rock thrown by a cyclops (34 damage)
             ... on level 11 of the Dungeon.
             The game lasted 00:18:32 (13856 turns).

karrick the Basher (Gargoyle Fighter)              Turns: 13856, Time: 00:18:43

Health: -26/72     AC: 30    Str: 19    XL:     11   Next: 67%
Magic:  11/11      EV: 10    Int: 10    God:    Okawaru [*****.]
Gold:   756        SH: 11    Dex: 13    Spells: 10/10 levels left

rFire   + + +      SeeInvis .   B - +6 flail (protect)
rCold   + . .      Faith    .   c - +0 buckler
rNeg    + . .      Spirit   .   O - +5 ring mail of Aczytaaz {+Inv rF++ Will+}
rPois   ∞          Reflect  +   i - +0 helmet
rElec   +          Harm     .   t - +1 cloak {Will+}
rCorr   .          Rampage  .   (no gloves)
Will    ++...                   (no boots)
Stlth   +.........              E - amulet of reflection
HPRegen 0.22/turn               p - ring of protection from fire
MPRegen 0.12/turn               u - ring of protection from cold

@: under a protective aura
A: sickness immunity, AC +8, negative energy resistance 1, electricity
resistance, torment resistance 1, petrification resistance
a: Renounce Religion, Evoke Invisibility, Heroism, Finesse, Duel


You were on level 11 of the Dungeon.
You worshipped Okawaru.
Okawaru was extremely pleased with you.
You visited 2 branches of the dungeon, and saw 12 of its levels.

You collected 756 gold pieces.

Inventory:

Hand Weapons
 B - a +6 flail of protection (weapon)
Missiles
 z - a throwing net (quivered)
Armour
 b - a +0 scale mail
 c - a +0 buckler (worn)
 i - a +0 helmet (worn)
 t - a +1 cloak of willpower (worn)
 H - a +0 troll leather armour
 L - +0 steam dragon scales
 O - the +5 ring mail of Aczytaaz (worn) {+Inv rF++ Will+}
   (Okawaru gifted it to you on level 11 of the Dungeon)

   rF:        It greatly protects you from fire.
   +Inv:      It lets you turn invisible.
   Will:      It increases your willpower.
Jewellery
 p - a ring of protection from fire (left hand)
 u - a ring of protection from cold (right hand)
 E - an amulet of reflection (around neck)
 F - a ring of resist corrosion
 K - a ring of magical power
Wands
 s - a wand of polymorph (8)
 x - a wand of flame (28)
 G - a wand of paralysis (4)
 I - a wand of light (3)
 M - a wand of iceblast (3)
Scrolls
 d - 2 scrolls of poison {unknown}
 j - 3 scrolls of identify
 l - 2 scrolls of amnesia {unknown}
 m - 2 scrolls of teleportation
 n - a scroll of butterflies {unknown}
 o - 2 scrolls of blinking {unknown}
 r - 4 scrolls of magic mapping {unknown}
 v - 3 scrolls of immolation {unknown}
 y - a scroll of enchant armour {unknown}
 D - a scroll of silence {unknown}
 J - a scroll of fear {unknown}
Potions
 a - 4 potions of heal wounds {unknown}
 e - 3 potions of curing
 f - a potion of berserk rage {unknown}
 g - a potion of haste {unknown}
 h - 3 potions of invisibility {unknown}
 k - 2 potions of attraction {unknown}
 q - a potion of brilliance {unknown}
 w - a potion of ambrosia
 A - 2 potions of lignification {unknown}
 C - a potion of mutation {unknown}
 N - 2 potions of cancellation {unknown}
 P - a potion of resistance {unknown}


   Skills:
 + Level 9.6 Fighting
 + Level 12.1 Maces & Flails
 + Level 9.0 Armour
 + Level 2.6 Stealth
 + Level 8.7 Shields
 + Level 1.2 Unarmed Combat
 + Level 0.2 Invocations


You had 10 spell levels left.
You didn't know any spells.
Your spell library contained the following spells:

 Spells                   Type           Power      Damage    Failure   Level
 Magic Dart               Conj           0%         1d3       58%         1
 Mephitic Cloud           Conj/Pois/Air  0%         N/A       91%         3
 Cause Fear               Hex            0%         N/A       100%        4
 Dragon Form              Tmut           0%         N/A       100%        7
 Call Imp                 Summ           Unusable   N/A       N/A         2
 Dragon's Call            Summ           Unusable   N/A       N/A         9

Dungeon Overview and Level Annotations

Branches:
Dungeon (11/15)            Temple (1/1) D:6            Lair (0/5) D:9
    Orc (0/2) D:11

Altars:
Ashenzari
Cheibriados
Dithmenos
Elyvilon
Fedhas
Gozag
Hepliaklqana
Kikubaaqudgha
Makhleb
Nemelex Xobeh
Okawaru
Qazlal
Ru
Sif Muna
Trog
Uskayaw
Vehumet
Wu Jian
Xom
Yredelemnul
Zin
The Shining One

Shops:
D:1 =   D:8 :

Annotations:
D:7 2 transporters, XxsatanxX's ghost, novice MiBe


Innate Abilities, Weirdness & Mutations

You are immune to sickness and miasma.
Your stone body is resilient. (AC +8)
You are immune to poison.
You resist negative energy. (rN+)
You are resistant to electric shocks. (rElec)
You are resistant to unholy torment.
You are immune to petrification.


Message History

You are too injured to fight recklessly!
You hit the boulder beetle but do no damage.
The boulder beetle is lightly wounded.
The boulder beetle bites you.
You hit the boulder beetle but do no damage.
The boulder beetle is lightly wounded.
You hit the boulder beetle.
The boulder beetle is lightly wounded.
The boulder beetle bites you.
You sock the boulder beetle!
The boulder beetle is moderately wounded.
The boulder beetle bites you but does no damage.
You thump the boulder beetle!
The boulder beetle is heavily wounded.
The boulder beetle leaps!
As you read the scroll of teleportation, it crumbles to dust.
You feel strangely unstable.
The boulder beetle curls into a ball and begins rolling!
You see here a +0 hand axe.
You barely miss the boulder beetle.
The boulder beetle is heavily wounded.
You block the boulder beetle's attack.
The boulder beetle stops rolling and uncurls.
You thump the boulder beetle!
The boulder beetle is heavily wounded.
The boulder beetle bites you!
* * * LOW HITPOINT WARNING * * *
You hit the boulder beetle but do no damage.
The boulder beetle is heavily wounded.
Your surroundings suddenly seem different.
Found a leather armour and 19 gold pieces.
The cyclops shouts!
The five-headed hydra roars!
The yak bellows!
The vampire mosquito buzzes angrily. x2
The vampire mosquito barely misses you. The five-headed hydra bites you!
* * * LOW HITPOINT WARNING * * *
You block the five-headed hydra's attack.
The five-headed hydra bites you but does no damage.
You block the five-headed hydra's attack. x2
The cyclops throws a large rock.
The large rock hits you!!
You die...

#.... ######## #.###
###......# #.#..
##....###.### #.##.
###.....#⌠#...# #.##.
#...#.###.###.### ###.#..
#.#...#$$...#...# #...##.
#.#.###!....###.# #)#....
#.#.#⌠[.y@Y..⌠#.# #.#....
#.#.###.D..y###.# #.#.###
####.#...#..).[#...####)###..
#........###C###......))..).#
#.....)#...#⌠#.........###..#
#..........###.........# #..#
#.....####.............# #..#
#.....# #####.........# #..#
#####.....##################
#..#


You could see a five-headed hydra, a cyclops, a yak and 2 vampire mosquitoes.

Vanquished Creatures
  Josephine (D:11)
  A boulder beetle (D:11)
  A komodo dragon (D:11)
  2 trolls (D:9)
  The ghost of CougarLife the Geomancer, a novice GrEE (D:6)
  A queen bee (D:6)
  A shadow (D:10)
  2 vampires (D:11)
  A wyvern (D:9)
  5 wraiths (D:11)
  2 steam dragons
  3 vampire mosquitoes (D:10)
  4 yaks (D:8)
  Edmund (D:5)
  An acid dragon (D:10)
  A sky beast (D:8)
  6 orc warriors
  An ice beast (D:6)
  6 black bears
  An ogre (D:4)
  A wolf (D:9)
  5 centaurs
  3 kobold brigands
  A gnoll sergeant (D:6)
  6 scorpions
  2 necrophages
  Blork the orc (D:4)
  3 bullfrogs
  11 wights
  17 killer bees
  5 howler monkeys
  An electric eel (D:9)
  A crimson imp (D:9)
  A jelly (D:8)
  9 orc priests
  Crazy Yiuf (D:4)
  9 hounds
  3 iguanas
  6 orc wizards
  4 adders
  10 gnolls
  4 white imps
  An ufetubus (D:4)
  6 worms
  51 orcs
  4 ball pythons
  3 bats
  8 endoplasms
  A giant cockroach (D:1)
  3 goblins
  10 hobgoblins
  4 quokkas
  2 frilled lizards
  23 kobolds
  5 rats
267 creatures vanquished.

Vanquished Creatures (others)
  A vampire mosquito (D:10)
  6 plants (D:7)
7 creatures vanquished.

Grand Total: 274 creatures vanquished

Notes
Turn   | Place    | Note
-------+----------+-------------------------------------------
     0 | D:1      | karrick the Gargoyle Fighter began the quest for the Orb.
     0 | D:1      | Reached XP level 1. HP: 14/14 MP: 1/1
    55 | D:1      | Found Jitriesch's One-of-a-Kind Rings.
   245 | D:1      | Reached XP level 2. HP: 19/19 MP: 2/2
  1019 | D:2      | Reached XP level 3. HP: 24/24 MP: 3/3
  1208 | D:2      | Found an opulent altar of Gozag.
  1260 | D:2      | Found a faded altar of an unknown god.
  1452 | D:3      | HP: 1/24 [worm (1)]
  1779 | D:3      | Reached XP level 4. HP: 29/29 MP: 4/4
  1801 | D:3      | Reached skill level 3 in Maces & Flails
  2148 | D:3      | Reached XP level 5. HP: 30/33 MP: 5/5
  2790 | D:4      | Noticed an ogre
  3084 | D:4      | Killed an ogre
  3085 | D:4      | Reached skill level 4 in Maces & Flails
  3255 | D:4      | Reached XP level 6. HP: 31/38 MP: 6/6
  3482 | D:4      | Noticed a black bear
  3497 | D:4      | Killed a black bear
  3498 | D:4      | Reached skill level 5 in Maces & Flails
  3498 | D:4      | Reached skill level 1 in Stealth
  3808 | D:4      | Found a runed translucent door.
  3809 | D:4      | Noticed Crazy Yiuf
  3891 | D:4      | Noticed Blork the orc
  3903 | D:4      | Killed Blork the orc
  3904 | D:4      | Reached XP level 7. HP: 33/44 MP: 7/7
  4086 | D:4      | Killed Crazy Yiuf
  4205 | D:5      | Entered Level 5 of the Dungeon
  4205 | D:5      | Noticed Edmund
  4870 | D:5      | Reached skill level 6 in Maces & Flails
  5026 | D:5      | Reached skill level 1 in Unarmed Combat
  5033 | D:5      | HP: 1/44 [orc priest/divine providence (14)]
  5042 | D:5      | Reached skill level 5 in Armour
  5370 | D:5      | Reached skill level 5 in Fighting
  5387 | D:6      | Reached XP level 8. HP: 27/49 MP: 8/8
  5795 | D:7      | Identified the +1 kite shield "Ufraoqia" {Harm rC- Int+4}
  5828 | D:7      | Reached skill level 7 in Maces & Flails
  5849 | D:7      | Found a transporter.
  5850 | D:7      | Found a transporter.
  5861 | D:7      | Noticed XxsatanxX's ghost (novice MiBe)
  5897 | D:7      | Reached skill level 5 in Shields
  6341 | D:7      | Identified the ring of the Grinning Madman {*Slow Will+
                  | Dex+5}
  6634 | D:7      | Found a broken altar of Ashenzari.
  6832 | D:7      | Reached XP level 9. HP: 55/55 MP: 9/9
  7090 | D:6      | Found a staircase to the Ecumenical Temple.
  7099 | Temple   | Entered the Ecumenical Temple
  7146 | Temple   | Became a worshipper of Warmaster Okawaru
  7175 | D:6      | Reached skill level 8 in Maces & Flails
  7508 | D:6      | Noticed CougarLife's ghost (novice GrEE)
  7522 | D:6      | Noticed a queen bee
  7694 | D:6      | Found a transporter.
  7696 | D:6      | Found a transporter.
  7725 | D:6      | Reached * piety under Okawaru
  8160 | D:5      | Reached skill level 9 in Maces & Flails
  8470 | D:5      | Killed Edmund
  8870 | D:6      | Killed a queen bee
  8892 | D:6      | Killed CougarLife's ghost
  8892 | D:6      | Reached ** piety under Okawaru
  8893 | D:6      | Reached XP level 10. HP: 50/63 MP: 10/10
  9140 | D:8      | Reached skill level 10 in Maces & Flails
  9686 | D:8      | Found Jabub's Book Emporium.
  9710 | D:8      | Reached *** piety under Okawaru
 10732 | D:9      | Found a staircase to the Lair.
 10739 | D:9      | Reached **** piety under Okawaru
 10773 | D:9      | Reached skill level 11 in Maces & Flails
 11326 | D:9      | Reached XP level 11. HP: 59/69 MP: 11/11
 11441 | D:9      | Found a radiant altar of Vehumet.
 11442 | D:9      | Found a burning altar of Makhleb.
 11636 | D:10     | Entered Level 10 of the Dungeon
 12472 | D:11     | Noticed a boulder beetle
 12692 | D:11     | Noticed Josephine
 12732 | D:11     | Killed Josephine
 12732 | D:11     | Reached ***** piety under Okawaru
 13002 | D:11     | Found a staircase to the Orcish Mines.
 13165 | D:11     | Killed a boulder beetle
 13166 | D:11     | Reached skill level 12 in Maces & Flails
 13170 | D:11     | Identified the +5 ring mail of Aczytaaz {+Inv rF++ Will+}
                  | (Okawaru gifted it to you on level 11 of the Dungeon)
 13170 | D:11     | Received a gift from Okawaru
 13425 | D:11     | Noticed a five-headed hydra
 13448 | D:11     | Noticed a cyclops
 13830 | D:11     | Noticed a boulder beetle
 13856 | D:11     | Hit by a large rock thrown by a cyclops

Illustrated notes

Levels and vault maps discovered:
D:1:      minmay_arrival_plants_in_alcoves, layout_basic,
          nicolae_shop_unique_rings, nrook_mini_vaults
D:2:      layout_rooms, nicolae_ecumenical_lake_church, basic_altar
D:3:      layout_basic, nicolae_wormholes
D:4:      layout_rooms, uniq_crazy_yiuf_cottage, uniq_blork_the_orc
D:5:      layout_loops_corners, grunt_decor_junction, uniq_edmund
D:6:      minmay_evil_eye, layout_rooms, minmay_temple_entry_waves,
          gammafunk_ghost_hive, wad_floor_pattern_2
D:7:      layout_loops_ring, mainiacjoe_overflow_small_starburst,
          gammafunk_ghost_gnarly_gnolls
D:8:      layout_basic, serial_shops, shop
D:9:      layout_stronghold, grunt_temple_overflow_lords_of_destruction,
          erik_lair_island
D:10:     layout_irregular_city
D:11:     layout_basic, hiddenorc2_lemuel, nicolae_fountain_basement,
          uniq_josephine
Temple:   hellmonk_temple_of_storms

Skill      XL: |  1  2  3  4  5  6  7  8  9 10 11 |
---------------+----------------------------------+-----
Maces & Flails | 3 4 5 6 7 9 11 12 | 12.1
Armour         | 4 5 6 7 8 9 |  9.0
Fighting       | 4 5 6 7 8 9 |  9.6
Shields        | 4 5 7 8 |  8.7
Stealth        | 1 2 |  2.6
Unarmed Combat | 1 |  1.2
Invocations    | |  0.2

Action                   |  1- 3 |  4- 6 |  7- 9 | 10-12 || total
-------------------------+-------+-------+-------+-------++-------
Melee: Flail             |    83 |   130 |   477 |   514 ||  1204
       Unarmed           |       |    11 |       |       ||    11
Invok: Heroism           |       |       |     1 |     1 ||     2
  Use: Potion            |       |     2 |     1 |     2 ||     5
       Scroll            |       |       |       |     3 ||     3
 Stab: Distracted        |       |       |       |     1 ||     1
Armor: Scale mail        |    27 |    87 |   286 |   212 ||   612
       Steam dragon scal |       |       |       |    64 ||    64
       Ring mail         |       |       |       |     9 ||     9
Dodge: Dodged            |    25 |    78 |   176 |   175 ||   454
Block: Buckler           |    17 |    30 |   118 |   190 ||   355
       Reflection        |       |       |       |     2 ||     2
